 Dungeon Crawl Stone Soup version 0.30.0-17-ge0270778cf (webtiles) character file.

Game seed: 3331502767226073653

14086 micdi the Zephyrmancer (level 11, -20/74 HPs)
             Began as a Red Draconian Air Elementalist on May 22, 2023.
             Was an Elder of Vehumet.
             Demolished by a komodo dragon (27 damage)
             ... on level 1 of the Lair of Beasts.
             The game lasted 00:35:24 (20799 turns).

micdi the Zephyrmancer (DrAE)                      Turns: 20799, Time: 00:35:26

Health: -20/74     AC:  7    Str: 10    XL:     11   Next: 84%
Magic:  15/27      EV: 12    Int: 19    God:    Vehumet [****..]
Gold:   906        SH:  0    Dex: 13    Spells: 24/34 levels left

rFire   + . .        (no weapon)
rCold   . . .        (no shield)
rNeg    . . .        (body armour unavailable)
rPois   .            (helmet restricted)
rElec   .            (no cloak)
rCorr   .            (no gloves)
SInv    .            (no boots)
Will    .....        h - amulet of faith
Stlth   ++           f - ring of wizardry
HPRegen 0.32/turn    b - ring of wizardry
MPRegen 0.20/turn

%: faith, wizardry (x2)
@: studying Conjurations
A: breathe fire, AC +7, unfitting armour, fire resistance 1, cold-blooded
a: Breathe Fire, Renounce Religion


You were on level 1 of the Lair of Beasts.
You worshipped Vehumet.
Vehumet was greatly pleased with you.
You visited 3 branches of the dungeon, and saw 14 of its levels.
You also visited: Sewer.

You collected 906 gold pieces.

Inventory:

Jewellery
 b - a ring of wizardry (right hand)
 d - a ring of wizardry
 e - a ring of wizardry
 f - a ring of wizardry (left hand)
 h - an amulet of faith (around neck)
 l - a +6 ring of strength
 r - a ring of protection from fire
 t - a +4 ring of protection
 u - a ring of wizardry
 w - a ring of ice
 A - an amulet of guardian spirit
Wands
 a - a wand of polymorph (11)
 j - a wand of digging (4)
 q - a wand of roots (17)
 x - a wand of mindburst (27)
Scrolls
 c - 4 scrolls of magic mapping
 g - 2 scrolls of amnesia
 i - 8 scrolls of identify
 m - 3 scrolls of enchant weapon
 p - 3 scrolls of enchant armour
 s - a scroll of blinking
Potions
 k - a potion of flight {unknown}
 n - 2 potions of attraction
 v - a potion of heal wounds
 z - 2 potions of mutation {unknown}
Miscellaneous
 y - a lightning rod (4/4)


   Skills:
 + Level 3.0 Dodging
 - Level 1.8 Stealth
 * Level 12.4 Spellcasting
 + Level 4.6 Conjurations
 * Level 12.9 Air Magic
 * Level 2.8 Evocations


You had 24 spell levels left.
You knew the following spells:

 Your Spells              Type           Power      Damage    Failure   Level
a - Shock                 Conj/Air       100%       1d9       1%          1
b - Static Discharge      Conj/Air       90%        2-6/arc   1%          2
c - Airstrike             Air            28%        2d(5-21)  1%          4
d - Hailstorm             Conj/Ice       20%        3d6       1%          3

Your spell library contained the following spells:

 Spells                   Type           Power      Damage    Failure   Level
 Slow                     Hex            44%        N/A       1%          1
 Stone Arrow              Conj/Erth      40%        3d9       1%          3
 Swiftness                Air            57%        N/A       1%          3
 Ensorcelled Hibernation  Hex/Ice        22%        N/A       2%          2
 Passwall                 Tmut/Erth      9%         N/A       2%          2
 Call Canine Familiar     Summ           11%        N/A       4%          3
 Confusing Touch          Hex            11%        N/A       4%          3
 Portal Projectile        Hex/Tloc       22%        N/A       4%          3
 Vampiric Draining        Necr           11%        2d6       4%          3
 Leda's Liquefaction      Hex/Erth       5%         N/A       16%         4
 Lehudib's Crystal Spear  Conj/Erth      10%        10d4      100%        8
 Animate Armour           Summ/Erth      Unusable   N/A       N/A         4

Dungeon Overview and Level Annotations

Branches:
Dungeon (12/15)            Temple (1/1) D:6            Lair (1/5) D:10
  Sewer (visited)
    Orc: D:9-12

Altars:
Ashenzari
Cheibriados
Dithmenos
Fedhas
Gozag
Hepliaklqana
Makhleb
Nemelex Xobeh
Okawaru
Qazlal
Ru
Sif Muna
Trog
Uskayaw
Vehumet
Wu Jian
Xom
Yredelemnul
Zin
The Shining One

Shops:
D:7 [

Annotations:
Abyss:1 Amaemon


Innate Abilities, Weirdness & Mutations

You can breathe blasts of fire.
Your fiery red scales are hard. (AC +7)
You cannot fit into any form of body armour.
Your flesh is heat resistant. (rF+)
You are cold-blooded and may be slowed by cold attacks.


Message History

You feel your power returning.
You can't see any susceptible monsters within range! (Use Z to cast anyway.) HP restored.
You see here an iguana corpse. 3 komodo dragons come into view.
Found 17 gold pieces and a wand of mindburst (7).
The komodo dragon hisses angrily. x3
As you read the scroll labelled LUGIUDE NESOC, it crumbles to dust.
Your body is wracked with pain!
The komodo dragon convulses! x3
It was a scroll of torment.
The komodo dragon attacks as you move away!
The komodo dragon completely misses you.
The komodo dragon attacks as you move away!
The komodo dragon bites you!
Casting: Airstrike (safe; 1% risk of failure)
Confirm with . or Enter, or press ? or * to list all spells.
Aiming: Airstrike (safe; 1% risk of failure)
Press: ? - help, Dir - move target, f - komodo dragon
Aim: a komodo dragon (heavily wounded, empty space bonus: 5/8)
The air twists around and strikes the komodo dragon!
The komodo dragon is severely wounded.
The komodo dragon bites you.
Casting: Airstrike (safe; 1% risk of failure)
Confirm with . or Enter, or press ? or * to list all spells.
Aiming: Airstrike (safe; 1% risk of failure)
Press: ? - help, Dir - move target, f/p - komodo dragon
Aim: a komodo dragon (severely wounded, empty space bonus: 4/8)
The air twists around and strikes the komodo dragon but does no damage.
The komodo dragon bites you!!
* * * LOW HITPOINT WARNING * * *
Casting: Airstrike (safe; 1% risk of failure)
Confirm with . or Enter, or press ? or * to list all spells.
Aiming: Airstrike (safe; 1% risk of failure)
Press: ? - help, Dir - move target, f/p - komodo dragon
Aim: a komodo dragon (severely wounded, empty space bonus: 4/8)
The air twists around and strikes the komodo dragon!
You kill the komodo dragon!
Vehumet accepts your kill. The komodo dragon bites you!!
You die...

## ## #. ###.. ## #.## #..
. ## #. ##..# ..$.#?####
.. #.#.#####.#..../# .
#....†..#....$l.# .#
##..##..###.#### #.##
#...#....#.l..##...#
#..##....##....@..# ....#
#...##........l..####...#
##.###########.###.##...#
#.......###†............##
####..............#......#
###...............##....#
#.#..#...>..##..........#
#....P....###..........##
#..P......###....###...P#


You could see 2 komodo dragons.

Vanquished Creatures
  Snorg (D:10)
  Erolcha (D:9)
  Sonja (D:10)
  A cyclops (D:8)
  An orange demon (D:8)
  A gargoyle (D:11)
  A rime drake (D:10)
  Psyche (D:8)
  A komodo dragon (Lair:1)
  3 kobold demonologists (D:9)
  A troll (D:10)
  A hornet (D:5)
  A slime creature (D:12)
  Sigmund (D:4)
  23 yaks
  A wyvern (D:8)
  Eustachio (D:6)
  2 steam dragons
  Menkaure (D:6)
  A water moccasin (D:7)
  7 orc warriors
  5 ice beasts
  2 black bears
  2 sky beasts (D:7)
  2 wolves (D:10)
  3 ogres
  4 centaurs
  A phantom (D:5)
  Blork the orc (D:5)
  8 bullfrogs
  2 scorpions
  8 wights
  The ghost of P0WERM0DE the Insei, a weakling MeMo (D:3)
  7 killer bees
  2 howler monkeys (D:11)
  3 hounds
  10 orc priests
  3 gnoll boudas
  6 iguanas
  A jelly (D:4)
  A sleepcap (D:6)
  13 orc wizards
  7 adders
  14 gnolls
  A white imp (D:7)
  An ufetubus (D:7)
  3 worms
  2 dart slugs (D:2)
  27 orcs
  8 ball pythons
  7 endoplasms
  10 giant cockroaches
  13 goblins
  10 hobgoblins
  3 jackals (D:5)
  6 quokkas
  7 bats
  12 frilled lizards
  11 kobolds
  2 rats
281 creatures vanquished.

Vanquished Creatures (others)
  An orc wizard (D:9)
1 creature vanquished.

Grand Total: 282 creatures vanquished

Notes
Turn   | Place    | Note
-------+----------+-------------------------------------------
     0 | D:1      | micdi the Draconian Air Elementalist began the quest for
                  | the Orb.
     0 | D:1      | Reached XP level 1. HP: 14/14 MP: 3/3
   140 | D:1      | Reached XP level 2. HP: 17/20 MP: 0/5
  1427 | D:2      | Reached XP level 3. HP: 26/26 MP: 0/6
  2603 | D:2      | Reached XP level 4. HP: 33/33 MP: 5/8
  2975 | D:3      | Found a hide-covered altar of Uskayaw.
  3112 | D:3      | Found a runed translucent door.
  3113 | D:3      | Noticed a bullfrog
  3120 | D:3      | Noticed P0WERM0DE's ghost (weakling MeMo)
  3136 | D:3      | Learned a level 2 spell: Static Discharge
  3148 | D:3      | Killed a bullfrog
  3149 | D:3      | Reached XP level 5. HP: 26/38 MP: 4/9
  3154 | D:3      | Killed P0WERM0DE's ghost
  3311 | D:3      | Found a snail-covered altar of Cheibriados.
  3829 | D:3      | Reached XP level 6. HP: 45/45 MP: 2/11
  4027 | D:4      | Found a sacrificial altar of Ru.
  4083 | D:4      | Reached skill level 5 in Air Magic
  4205 | D:4      | Found a glowing drain.
  4232 | Sewer    | Entered a sewer
  4877 | Sewer    | Your scales start taking on a fiery red colour.
  4877 | Sewer    | Reached XP level 7. HP: 28/50 MP: 1/13
  4877 | Sewer    | Gained mutation: Your flesh is heat resistant. (rF+) [Red
                  | Draconian growth]
  5296 | D:4      | Noticed Sigmund
  5306 | D:4      | Killed Sigmund
  5307 | D:4      | Reached skill level 5 in Spellcasting
  5650 | D:5      | Entered Level 5 of the Dungeon
  6114 | D:5      | Noticed Blork the orc
  6138 | D:5      | Killed Blork the orc
  6139 | D:5      | Reached XP level 8. HP: 28/57 MP: 1/16
  6353 | D:5      | Noticed a hornet
  6361 | D:5      | Killed a hornet
  6586 | D:5      | Learned a level 4 spell: Airstrike
  7485 | D:6      | Noticed Eustachio
  7591 | D:6      | Killed Eustachio
  7979 | D:6      | Found a staircase to the Ecumenical Temple.
  7980 | D:6      | Noticed Menkaure
  7982 | D:6      | Killed Menkaure
  7983 | D:6      | Reached XP level 9. HP: 62/62 MP: 11/20
  7991 | Temple   | Entered the Ecumenical Temple
  8024 | Temple   | Became a worshipper of Vehumet
  8348 | D:6      | Found a broken altar of Ashenzari.
  8590 | D:7      | Found a basalt altar of Yredelemnul.
  8794 | D:7      | Found Lomu's Armour Boutique.
  8952 | D:7      | Found a glowing silver altar of Zin.
  9026 | D:7      | Found a shadowy altar of Dithmenos.
  9262 | D:7      | Noticed a cyclops
 10309 | D:8      | Reached * piety under Vehumet
 10309 | D:8      | Offered knowledge of Kiss of Death by Vehumet.
 10425 | D:8      | Killed a cyclops
 10795 | D:8      | Reached XP level 10. HP: 66/69 MP: 1/23
 11312 | D:7      | Reached skill level 10 in Air Magic
 11605 | D:7      | Offered knowledge of Poisonous Vapours by Vehumet.
 12253 | D:8      | Reached ** piety under Vehumet
 12350 | D:8      | Found an iron altar of Okawaru.
 12427 | D:8      | Noticed Psyche
 12428 | D:8      | Banished Amaemon
 12436 | D:8      | Noticed an orange demon
 12724 | D:8      | Killed an orange demon
 12725 | D:8      | Reached skill level 10 in Spellcasting
 13149 | D:8      | Killed Psyche
 13322 | D:10     | Entered Level 10 of the Dungeon
 13755 | D:10     | Found a glowing golden altar of the Shining One.
 13757 | D:10     | Found a sparkling altar of Nemelex Xobeh.
 13808 | D:9      | Found a stormy altar of Qazlal.
 14560 | D:9      | Offered knowledge of Momentum Strike by Vehumet.
 15256 | D:8      | HP: 3/69 [yak (9)]
 16054 | D:9      | Reached XP level 11. HP: 74/74 MP: 5/26
 16196 | D:9      | Reached skill level 1 in Evocations
 16257 | D:9      | Noticed Erolcha
 16260 | D:9      | Killed Erolcha
 16265 | D:9      | Reached *** piety under Vehumet
 16724 | D:10     | Noticed Sonja
 16726 | D:10     | Killed Sonja
 17033 | D:10     | Found a blossoming altar of Fedhas.
 17034 | D:10     | Found a burning altar of Makhleb.
 17035 | D:10     | Found a shimmering blue altar of Sif Muna.
 17059 | D:9      | Offered knowledge of Hailstorm by Vehumet.
 17064 | D:9      | Learned a level 3 spell: Hailstorm
 17301 | D:10     | Noticed Snorg
 17306 | D:10     | Killed Snorg
 17577 | D:10     | Found a staircase to the Lair.
 17930 | D:10     | Found a bloodstained altar of Trog.
 17998 | D:10     | Found a hazy altar of Hepliaklqana.
 18029 | D:10     | Reached **** piety under Vehumet
 18908 | Lair:1   | Entered Level 1 of the Lair of Beasts
 20799 | Lair:1   | Demolished by a komodo dragon

Illustrated notes

Levels and vault maps discovered:
D:1:      eino_arrival_druids_welcome, layout_basic, kennysheep_small_spiral,
          minmay_box_of_dots
D:2:      layout_basic
D:3:      cheibrodos_pilgrimage, layout_rooms, mainiacjoe_overflow_24_doors,
          nicolae_overflow_hidden_temple, ebering_ghost_sewer_d
D:4:      layout_cave_pools, lemuel_doored_altar, cheibrodos_sewer_entry_sluice,
          hangedman_decor_growths, uniq_sigmund
D:5:      layout_basic, uniq_blork_the_orc
D:6:      layout_rooms, evilmike_ruin_ashenzari, minmay_temple_entry_metal_lava,
          uniq_eustachio, uniq_menkaure
D:7:      layout_loops_ring, mainiacjoe_overflow_tiny_flanked,
          amcnicky_altar_gilded, grunt_dithmenos_smoke_and_mirrors,
          serial_shops, shop, minmay_manual_monstrance
D:8:      layout_basic, mainiacjoe_overflow_alcove_4, nicolae_titane,
          uniq_psyche, uniq_amaemon
D:9:      layout_rooms, kennysheep_little_box, corexii_corridor_pit,
          kennysheep_generic_room_14, uniq_erolcha
D:10:     layout_roguey, worldfamousw_hep_ancestral_shrine,
          grunt_temple_overflow_open, hellmonk_lair_entry_icy, enter_bailey_3,
          uniq_snorg, uniq_sonja
D:11:     layout_stronghold
D:12:     layout_loops_ring, minmay_orc_entry_guard_dogs,
          nicolae_trove_entry_isolated
Temple:   nicolae_temple_two_arcs
Lair:1:   beast_lair_carwin_large_3, layout_gridlike, serial_bayou,
          serial_bayou_ford_a, serial_bayou_pond_a, serial_bayou_lagoon_a,
          serial_bayou_pond_d, minivault_27, infiniplex_staircase_pool,
          serial_bayou_shore_b

Skill      XL: |  1  2  3  4  5  6  7  8  9 10 11 |
---------------+----------------------------------+-----
Dodging        | 2 3 |  3.0
Air Magic      | 4 5 6 7 9 11 12 | 12.9
Spellcasting   | 3 4 5 7 9 11 12 | 12.4
Conjurations   | 2 3 4 |  4.6
Evocations     | 2 |  2.8
Stealth        | |  1.8

Action                     |  1- 3 |  4- 6 |  7- 9 | 10-12 || total
---------------------------+-------+-------+-------+-------++-------
  Melee: Unarmed           |    40 |     4 |    60 |     5 ||   109
         Tailslap          |     9 |     1 |     6 |     1 ||    17
   Cast: Shock             |   115 |   141 |    60 |       ||   316
         Static Discharge  |       |    14 |    20 |    11 ||    45
         Airstrike         |       |       |   127 |   302 ||   429
    Use: Potion            |     1 |     3 |    10 |     6 ||    20
         Scroll            |       |       |     6 |    14 ||    20
   Stab: Sleeping          |     1 |       |       |       ||     1
 Armour: Skin              |    38 |    12 |    54 |    47 ||   151
  Dodge: Dodged            |    56 |    29 |    95 |   119 ||   299
